 Dungeon Crawl Stone Soup version 0.24-a0-584-g9d6b971 (webtiles) character file.

Game seed: 8060143595557436991, levelgen mode: deterministic

47 COBRA the Cudgeler (level 3, 0/43 HPs)
             Began as a Minotaur Necromancer on Sept 5, 2019.
             Succumbed to Terence's poison
             ... on level 2 of the Dungeon.
             The game lasted 00:07:18 (1534 turns).

COBRA the Cudgeler (Minotaur Necromancer)           Turns: 1534, Time: 00:07:18

Health: 0/43       AC: 21    Str: 10 (13) XL:     3   Next: 48%
Magic:  4/4        EV:  2    Int: 10 (12) God:
Gold:   46         SH:  0    Dex:  7 (10) Spells: 3/4 levels left

rFire    . . .     SeeInvis .   a - +1 club
rCold    . . .     Gourm    .   (no shield)
rNeg     + + +     Faith    .   (armour currently unavailable)
rPois    +         Spirit   .   (helmet currently unavailable)
rElec    .         Reflect  .   (cloak currently unavailable)
rCorr    .         Harm     .   (gloves currently unavailable)
MR       .....     NoTele   +   (boots currently unavailable)
Stlth    +.........             (no amulet)
HPRegen  0.14/turn              (no ring)
MPRegen  0.09/turn              (no ring)

@: lethally poisoned (0 -> -7), tree-form (expiring)
A: (retaliatory headbutt)
a: no special abilities


You were on level 2 of the Dungeon.
You were not hungry.
You were a tree.
You visited 1 branch of the dungeon, and saw 2 of its levels.

You collected 46 gold pieces.

Inventory:

Hand Weapons
 a - a +1 club (weapon)
 b - a +0 hunting sling
 d - a +0 hunting sling
Missiles
 f - 59 stones (quivered)
Armour
 e - a +0 robe
 h - a +0 leather armour (melded)
 j - a +0 pair of boots (melded)
Comestibles
 c - 3 rations


   Skills:
 - Level 2.0 Fighting
 * Level 3.1 Maces & Flails
 - Level 2.1 Dodging
 - Level 1.5 Stealth
 - Level 1.3 Spellcasting
 - Level 2.9 Necromancy


You had 3 spell levels left.
You knew the following spells:

 Your Spells              Type           Power        Failure   Level  Hunger
a - Pain                  Necr           #...         10%         1    ##.....

Your spell library contained the following spells:

 Spells                   Type           Power        Failure   Level  Hunger
 Animate Skeleton         Necr           N/A          10%         1    ##.....
 Vampiric Draining        Necr           #.........   30%         3    ####...
 Regeneration             Chrm/Necr      #.........   47%         3    ####...
 Animate Dead             Necr           N/A          69%         4    #####..


Dungeon Overview and Level Annotations

Branches:
Dungeon (2/15)

Altars:
Nemelex Xobeh

Annotations:
D:2 Robin, Terence


Innate Abilities, Weirdness & Mutations

((You reflexively headbutt those who attack you in melee.))
((You have a pair of horns on your head.))


Message History

Unknown command.
Unknown command.
You aren't carrying any scrolls.
Unknown command.
Your transformation is almost over.
Terence says, "Time to say good-bye..."
You hit Terence but do no damage.
Terence is moderately wounded.
Terence hits you but does no damage.
You hit Terence but do no damage.
Terence is moderately wounded.
Terence hits you but does no damage.
You are lethally poisoned!
You hit Terence but do no damage.
Terence is moderately wounded.
* * * LOW HITPOINT WARNING * * *
You feel sick. Terence hits you but does no damage.
You closely miss Terence.
Terence is moderately wounded.
You die...

##.........##..(.(..##+##.....,,,
#######...##..)(...#,,,,.....,,,
######....##....####,,,,,....,,,
##.........####(..#,,,,,,,,...,,,
....†.........'...+,,,,,,,,...,,,
##........#####...#,,,*****,,,,,,
#........# #...#**** *******
#........# #.@.# #.....#### #.♣.#
#.....# ##### #.....# #######


You could see Terence.

Vanquished Creatures
  An adder (D:2)
  A dart slug (D:1)
  A leopard gecko (D:2)
  4 bats
  A giant cockroach (D:1)
  8 goblins
  7 hobgoblins
  A quokka (D:2)
  A frilled lizard (D:2)
  2 kobolds
  3 rats
30 creatures vanquished.

Notes
Turn   | Place    | Note
-------+----------+-------------------------------------------
     0 | D:1      | COBRA the Minotaur Necromancer began the quest for the Orb.
     0 | D:1      | Reached XP level 1. HP: 14/14 MP: 1/1
   332 | D:1      | Reached skill level 1 in Maces & Flails
   403 | D:1      | Reached XP level 2. HP: 22/22 MP: 3/3
   435 | D:1      | You fall into a shaft and drop 1 floor!
   443 | D:2      | Reached skill level 2 in Maces & Flails
   560 | D:2      | Noticed Robin
   572 | D:2      | Reached skill level 3 in Maces & Flails
   581 | D:2      | Reached XP level 3. HP: 3/27 MP: 4/4
   858 | D:2      | Found a sparkling altar of Nemelex Xobeh.
  1039 | D:1      | Reached skill level 1 in Fighting
  1392 | D:2      | Noticed Terence
  1511 | D:2      | HP: 2/43 [poisoned by Terence]
  1519 | D:2      | HP: 1/43 [poisoned by Terence]
  1533 | D:2      | HP: 1/43 [poisoned by Terence]
  1534 | D:2      | Succumbed to Terence's poison

Levels and vault maps discovered:
D:1:      roderic_crop_circles_arrival_small, layout_loops_ring
D:2:      layout_basic, nemelex_xobeh_ov_fountains_minmay,
          chequers_ecumenical_altar_simple_redux, uniq_crazy_yiuf_cottage,
          uniq_robin, uniq_terence

Skill      XL: |  1  2  3 |
---------------+----------+-----
Maces & Flails | 1 3 |  3.1
Fighting       | 2 |  2.0
Dodging        | |  2.1
Stealth        | |  1.5
Spellcasting   | |  1.3
Necromancy     | |  2.9

Action                   || total
-------------------------++-------
Melee: Unarmed           ||     9
       Club              ||    69
       Headbutt          ||    10
 Fire: Hunting sling     ||     6
 Cast: Pain              ||     5
  Use: Scroll            ||     5
       Potion            ||     3
 Stab: Sleeping          ||     2
  Eat: Chunk             ||     2
Armor: Robe              ||    13
       Leather armour    ||    10
       Skin              ||     3
Dodge: Dodged            ||    55

Table legend:
 A = Non-vault XP
 B = Vault XP
 C = Vault XP percentage of total XP
 D = Non-vault monster count
 E = Vault monster count
 F = Vault count percentage of total count
                 A         B        C        D         E       F
            +---------+---------+-------+---------+---------+-------
      Total |      62 |       6 |   8.8 |      27 |       3 |  10.0
            +---------+---------+-------+---------+---------+-------
        D:1 |      25 |       0 |   0.0 |      13 |       0 |   0.0
        D:2 |      37 |       6 |  14.0 |      14 |       3 |  17.6
            +---------+---------+-------+---------+---------+-------
